 Dungeon Crawl Stone Soup version 0.31-a0-728-g01b46875f1 (webtiles) character file.

Game seed: 14184133982890667538

41273 Dittersdorf the Protected (level 14, 0/95 HPs)
             Began as a Gargoyle Fighter on Sept 11, 2023.
             Was a High Priest of Okawaru.
             Slain by a goliath frog (18 damage)
             ... on level 4 of the Lair of Beasts.
             The game lasted 00:26:20 (16302 turns).

Dittersdorf the Protected (Gargoyle Fighter)       Turns: 16302, Time: 00:26:20

Health: 0/95       AC: 26    Str: 30    XL:     14   Next: 14%
Magic:  13/14      EV: 10    Int: 17    God:    Okawaru [*****.]
Gold:   791        SH:  8    Dex: 16    Spells: 13/13 levels left

rFire   . . .        v - +5 morningstar "Mupyn" {flame, rCorr}
rCold   + + .        A - +0 buckler {AC+3}
rNeg    + + .        x - +5 scale mail "Nodask" {rC++ rN+ Str+3 Dex-4}
rPois   ∞            t - +2 hat {Stlth+}
rElec   +            (no cloak)
rCorr   +            (no gloves)
SInv    .            (no boots)
Will    +....        H - amulet of Moderation {rElec Regen+ Str+3 Int+7}
Stlth   +            s - ring of resist corrosion
HPRegen 1.15/turn    D - ring "Utiefor" {Fly Str+2 Dex+9}
MPRegen 0.14/turn

%: no passive effects
@: corroded, flying
A: sickness immunity, AC +10, big wings, negative energy resistance 1,
electricity resistance, torment resistance 1, petrification resistance
a: Renounce Religion, Heroism, Finesse, Duel


You were on level 4 of the Lair of Beasts.
You worshipped Okawaru.
Okawaru was extremely pleased with you.
You visited 3 branches of the dungeon, and saw 16 of its levels.
You also visited: Sewer.

You collected 1061 gold pieces.
You spent 270 gold pieces at shops.

Inventory:

Hand Weapons
 v - the +5 morningstar "Mupyn" (weapon) {flame, rCorr}
   (You bought it in a shop on level 2 of the Dungeon)

   rCorr:     It protects you from acid and corrosion.
 E - a +4 demon whip of electrocution
Missiles
 c - 2 throwing nets
 m - 9 curare-tipped darts (quivered)
Armour
 t - a +2 hat of stealth (worn)
 x - the +5 scale mail "Nodask" (worn) {rC++ rN+ Str+3 Dex-4}
   (You found it on level 1 of the Lair of Beasts)

   Str+3:     It affects your strength (+3).
   Dex-4:     It affects your dexterity (-4).
   rC++:      It greatly protects you from cold.
   rN+:       It protects you from negative energy.
 A - a +0 buckler of protection (worn)
Jewellery
 k - a ring of fire
 s - a ring of resist corrosion (left hand)
 y - a ring of see invisible
 D - the ring "Utiefor" (right hand) {Fly Str+2 Dex+9}
   (You found it on level 10 of the Dungeon)

   [ring of flight]

   Str+2:     It affects your strength (+2).
   Dex+9:     It affects your dexterity (+9).
   Fly:       It grants you flight.
 H - the amulet of Moderation (around neck) {rElec Regen+ Str+3 Int+7}
   (You acquired it on level 4 of the Lair of Beasts)

   [amulet of regeneration]

   Str+3:     It affects your strength (+3).
   Int+7:     It affects your intelligence (+7).
   rElec:     It insulates you from electricity.
   Regen+:    It increases your rate of health regeneration.
Wands
 q - a wand of acid (11)
 r - a wand of iceblast (7)
 G - a wand of flame (6)
Scrolls
 g - 5 scrolls of blinking
 j - 7 scrolls of teleportation
 w - 2 scrolls of revelation
 z - 2 scrolls of poison
 B - 2 scrolls of enchant weapon
 C - a scroll of silence
Potions
 a - 5 potions of heal wounds
 d - 5 potions of might
 e - 3 potions of cancellation
 f - 4 potions of brilliance
 h - 4 potions of mutation
 l - 4 potions of enlightenment {unknown}
 o - a potion of berserk rage
 p - 2 potions of haste
 u - 3 potions of lignification {unknown}
 F - a potion of invisibility


   Skills:
 + Level 13.7 Fighting
 + Level 12.4 Maces & Flails
 + Level 13.7 Armour
 + Level 13.7 Shields


You had 13 spell levels left.
You didn't know any spells.
Your spell library contained the following spells:

 Spells                   Type           Power      Damage    Failure   Level
 Magic Dart               Conj           0%         1d3       41%         1
 Searing Ray              Conj           0%         2d4       54%         2
 Static Discharge         Conj/Air       0%         2-2/arc   54%         2
 Frozen Ramparts          Ice            0%         1d1       78%         3
 Airstrike                Air            0%         2d(0-16)  99%         4
 Fulminant Prism          Conj/Hex       0%         3d5       99%         4
 Petrify                  Tmut/Erth      0%         N/A       99%         4
 Metabolic Englaciation   Hex/Ice        0%         N/A       100%        5
 Conjure Ball Lightning   Conj/Air       0%         3x3d6     100%        6
 Discord                  Hex            0%         N/A       100%        8
 Disjunction              Tloc           0%         N/A       100%        8
 Summon Lightning Spire   Summ/Air       Unusable   N/A       N/A         4

Dungeon Overview and Level Annotations

Branches:
Dungeon (10/15)            Temple (1/1) D:5            Lair (5/5) D:9
 Shoals (0/4) Lair:2       Spider (0/4) Lair:2        Slime (0/5) Lair:4
  Sewer (visited)
    Orc: D:9-12

Altars:
Ashenzari
Cheibriados
Dithmenos
Elyvilon
Fedhas
Gozag
Hepliaklqana
Kikubaaqudgha
Makhleb
Nemelex Xobeh
Okawaru
Qazlal
Ru
Sif Muna
Trog
Uskayaw
Vehumet
Wu Jian
Xom
Yredelemnul
Zin
The Shining One

Shops:
D:2 *   D:8 *


Innate Abilities, Weirdness & Mutations

You are immune to sickness and miasma.
Your stone body is resilient. (AC +10)
You are immune to poison.
Your large and strong wings let you fly.
You resist negative energy. (rN+)
You are resistant to electric shocks. (rElec)
You are resistant to unholy torment.
You are immune to petrification.


Message History

Okawaru accepts your kill. The goliath frog misses you.
You bludgeon the cane toad!! You burn the cane toad.
The cane toad is severely wounded.
The cane toad misses you. You block the goliath frog's attack.
You hit the cane toad. You burn the cane toad.
The cane toad is severely wounded.
The cane toad stings you but does no damage.
You block the goliath frog's attack.
You barely miss the cane toad.
The cane toad is severely wounded.
You block the cane toad's attack.
You sock the cane toad! You burn the cane toad.
You kill the cane toad!
Okawaru accepts your kill.
The goliath frog hits you but does no damage.
You thump the blink frog! You burn the blink frog.
The blink frog is moderately wounded.
The blink frog hits you but does no damage.
You block the goliath frog's attack.
You puncture the blink frog! You burn the blink frog.
The blink frog is severely wounded.
You block the blink frog's attack. The goliath frog closely misses you.
You bludgeon the blink frog!! You burn the blink frog.
You kill the blink frog!
Okawaru accepts your kill.
You feel like a meek peon again. You block the goliath frog's attack.
You block the goliath frog's attack. The cane toad closely misses you.
You sock the cane toad! You burn the cane toad.
The cane toad is moderately wounded.
The goliath frog hits you from afar!
* * * LOW HITPOINT WARNING * * *
You are splashed with acid.
You resist.
* * * LOW HITPOINT WARNING * * *
You block the cane toad's attack.
You puncture the cane toad! You burn the cane toad.
The cane toad is severely wounded.
The goliath frog hits you from afar!!
You die...

###### #### ##....### ## ##P.##
#......P## .######....####
###.....PP.#
..............####..........###
...............#@#............#
....>..........F###..........##
..............F####..........##
#...........)....###..........#
#...........>†..## #....#.....##
##.(.###.......#.###..P##.#....##
####....##PP.?###.....#######...#
.###....###PP#.#.....#.#..#...#..
....#...#.#.................####.


You could see a goliath frog and a cane toad.

Vanquished Creatures
  Gastronok (D:8)
  Snorg (D:10)
  3 hydras
  A centaur warrior (D:8)
  A two-headed ogre (D:9)
  2 boulder beetles (Lair:4)
  3 death yaks (Lair:4)
  A skyshark (Lair:2)
  A deep elf pyromancer (D:8)
  3 oklob plants
  11 elephants
  A black mamba (Lair:2)
  20 cane toads
  A rime drake (Lair:3)
  2 kobold demonologists (D:8)
  9 komodo dragons
  4 polar bears
  A troll (D:10)
  2 hornets
  9 blink frogs
  4 dream sheep (Lair:4)
  8 wyverns
  2 spriggans (Lair:2)
  36 yaks
  A shadow (D:10)
  A vampire (D:6)
  3 basilisks
  Eustachio (D:5)
  2 vampire mosquitoes (Lair:4)
  4 steam dragons
  12 water moccasins
  An acid dragon (D:8)
  Duvessa (D:5)
  5 orc warriors
  A sky beast (D:8)
  4 black bears
  15 wolves
  An ogre (D:6)
  10 bullfrogs
  A gnoll sergeant (D:8)
  4 kobold brigands
  4 scorpions
  5 wights
  Dowan (D:5)
  10 killer bees (D:10)
  3 electric eels (Lair:1)
  A howler monkey (D:9)
  2 lava snakes (Lair:1)
  4 orc priests
  5 hounds
  2 sleepcaps
  3 iguanas
  4 orc wizards
  9 adders
  12 gnolls
  4 river rats
  A shadow imp (D:8)
  2 white imps
  2 ufetubi
  8 worms
  A dart slug (D:4)
  38 orcs
  5 endoplasms
  6 giant cockroaches
  8 goblins
  6 hobgoblins
  4 jackals
  4 quokkas
  7 ball pythons
  6 bats
  10 frilled lizards
  32 kobolds
  10 rats
413 creatures vanquished.

Vanquished Creatures (others)
  An orc wizard (D:9)
1 creature vanquished.

Grand Total: 414 creatures vanquished

Notes
Turn   | Place    | Note
-------+----------+-------------------------------------------
     0 | D:1      | Dittersdorf the Gargoyle Fighter began the quest for the
                  | Orb.
     0 | D:1      | Reached XP level 1. HP: 14/14 MP: 1/1
   118 | D:1      | Reached XP level 2. HP: 19/19 MP: 2/2
   446 | D:1      | Found a faded altar of an unknown god.
   453 | D:1      | Reached XP level 3. HP: 23/23 MP: 3/3
   877 | D:2      | Reached XP level 4. HP: 27/29 MP: 4/4
  1126 | D:2      | Identified the +5 hand axe of Cruel Justice {heavy, Contam
                  | Will+ Dex+3 Stlth+}
  1128 | D:2      | Found Urphefaa's Assorted Antiques.
  1369 | D:3      | Reached XP level 5. HP: 30/33 MP: 5/5
  1480 | D:3      | Found a glowing drain.
  1485 | Sewer    | Entered a sewer
  1819 | Sewer    | Noticed a kobold brigand
  1836 | Sewer    | Killed a kobold brigand
  1837 | Sewer    | Reached XP level 6. HP: 29/39 MP: 6/6
  2367 | D:3      | Found a bloodstained altar of Trog.
  3468 | D:4      | Reached skill level 5 in Fighting
  3468 | D:4      | Reached skill level 5 in Armour
  3468 | D:4      | Reached skill level 5 in Shields
  3468 | D:4      | Reached XP level 7. HP: 42/44 MP: 7/7
  3478 | D:4      | Found a shimmering altar of Xom.
  3649 | D:5      | Entered Level 5 of the Dungeon
  3698 | D:5      | Noticed Eustachio
  3735 | D:5      | Killed Eustachio
  3930 | D:5      | Found a radiant altar of Vehumet.
  4068 | D:5      | Found a staircase to the Ecumenical Temple.
  4072 | Temple   | Entered the Ecumenical Temple
  4095 | Temple   | Became a worshipper of Warmaster Okawaru
  4190 | D:5      | Noticed Duvessa
  4191 | D:5      | Noticed Dowan
  4206 | D:5      | Killed Duvessa
  4207 | D:5      | Reached XP level 8. HP: 37/51 MP: 8/8
  4211 | D:5      | Killed Dowan
  4406 | D:5      | Found a basalt altar of Yredelemnul.
  4700 | D:6      | Reached skill level 5 in Maces & Flails
  4709 | D:6      | Reached * piety under Okawaru
  4889 | D:6      | Noticed a vampire
  4901 | D:6      | Killed a vampire
  5077 | D:6      | Found a hazy altar of Hepliaklqana.
  5130 | D:6      | Reached ** piety under Okawaru
  5649 | D:7      | Reached XP level 9. HP: 56/56 MP: 9/9
  6675 | D:8      | Noticed Gastronok
  6701 | D:8      | Killed Gastronok
  6701 | D:8      | Reached *** piety under Okawaru
  6702 | D:8      | Reached XP level 10. HP: 9/64 MP: 10/10
  7268 | D:2      | Bought a buzzing morningstar for 270 gold pieces
  7268 | D:2      | Identified the +5 morningstar "Mupyn" {flame, rCorr} (You
                  | bought it in a shop on level 2 of the Dungeon)
  7801 | D:8      | Noticed a five-headed hydra
  7838 | D:8      | Noticed a deep elf pyromancer
  7843 | D:8      | Killed a deep elf pyromancer
  7843 | D:8      | Reached **** piety under Okawaru
  7923 | D:8      | Noticed a centaur warrior
  7931 | D:8      | Killed a centaur warrior
  7990 | D:8      | Killed a five-headed hydra
  8148 | D:8      | Reached ***** piety under Okawaru
  8148 | D:8      | Received a gift from Okawaru
  8472 | D:8      | Found Exzaub's Elemental Accessories.
  8640 | D:8      | Reached XP level 11. HP: 61/71 MP: 11/11
  8642 | D:8      | Received a gift from Okawaru
  8782 | D:9      | Found a blossoming altar of Fedhas.
  8879 | D:9      | Noticed a two-headed ogre
  8889 | D:9      | Killed a two-headed ogre
  8980 | D:9      | HP: 2/72 [smoke demon/divine providence[a kobold
                  | demonologist] (12)]
  8992 | D:8      | Reached skill level 10 in Fighting
  8992 | D:8      | Reached skill level 10 in Armour
  9205 | D:8      | Reached skill level 10 in Shields
  9323 | D:9      | Found a staircase to the Lair.
  9432 | D:9      | Received a gift from Okawaru
  9927 | D:10     | Entered Level 10 of the Dungeon
 10115 | D:10     | Identified the +1 dagger "Wyosocs" {antimagic, rN++ Str+6}
 10856 | D:10     | Noticed Snorg
 10868 | D:10     | Killed Snorg
 11072 | D:10     | Identified the ring "Utiefor" {Fly Str+2 Dex+9}
 11104 | Lair:1   | Entered Level 1 of the Lair of Beasts
 11344 | Lair:1   | Reached XP level 12. HP: 60/79 MP: 12/12
 11494 | Lair:1   | Reached skill level 10 in Maces & Flails
 11674 | Lair:1   | Identified the +5 scale mail "Nodask" {rC++ rN+ Str+3
                  | Dex-4}
 11707 | Lair:1   | Received a gift from Okawaru
 12688 | Lair:2   | Noticed a skyshark
 12702 | Lair:2   | Killed a skyshark
 13043 | Lair:2   | Identified the +2 chain mail of Aroungag {+Inv rElec rC-
                  | rCorr} (Okawaru gifted it to you on level 2 of the Lair of
                  | Beasts)
 13043 | Lair:2   | Received a gift from Okawaru
 13076 | Lair:2   | Reached ****** piety under Okawaru
 13153 | Lair:2   | Found a hole to the Spider Nest.
 13314 | Lair:2   | Found a staircase to the Shoals.
 13538 | Lair:2   | Reached XP level 13. HP: 51/86 MP: 13/13
 14340 | Lair:3   | Received a gift from Okawaru
 14853 | Lair:3   | Found a blossoming altar of Fedhas.
 15322 | Lair:4   | Identified a scroll of acquirement
 15322 | Lair:4   | Acquired the amulet of Moderation {rElec Regen+ Str+3
                  | Int+7}
 15379 | Lair:4   | Identified the +3 sling of the Secret Ziggurats {drain,
                  | Will- Dex+7}
 15654 | Lair:4   | Found a staircase to the Slime Pits.
 15680 | Lair:4   | Gained mutation: Your large and strong wings let you fly.
                  | [Gargoyle growth]
 15680 | Lair:4   | Reached XP level 14. HP: 85/94 MP: 14/14
 16234 | Lair:5   | Entered Level 5 of the Lair of Beasts
 16245 | Lair:4   | Identified the +1 chain mail "Housm" {rF+} (Okawaru gifted
                  | it to you on level 4 of the Lair of Beasts)
 16245 | Lair:4   | Received a gift from Okawaru
 16302 | Lair:4   | Slain by a goliath frog

Illustrated notes

Levels and vault maps discovered:
D:1:      roderic_dead_forest, layout_rooms,
          shapermc_ecumenical_altar_flowoftime, minmay_tall_x
D:2:      layout_basic, serial_shops, shop
D:3:      layout_basic, mainiacjoe_overflow_paths, lightli_sewer_entry_pipes
D:4:      layout_cave_pools, marbit_many_paths, chequers_serial_rivers_micro_c
D:5:      layout_basic, mainiacjoe_overflow_concentric_impassable,
          lemuel_tele_altar, temple_hall_moat, uniq_eustachio, uniq_duvessa
D:6:      layout_rooms, worldfamousw_hep_ancestral_shrine, columned_hall_lemuel,
          nicolae_kite_square_tiling_tiny
D:7:      layout_loops_ring
D:8:      minmay_chambers_of_sixes, layout_loops_cross, grunt_ministairs_3,
          nicolae_elemental_shop, uniq_gastronok
D:9:      layout_long_grid, fedhas_altar_4, david_lair_generic,
          nicolae_two_hexagons, minmay_misc_feat_enclosed
D:10:     layout_basic, uniq_snorg
Temple:   nicolae_temple_elliptical
Lair:1:   layout_regular_city, minmay_lair_oklob_items,
          nicolae_lair_liquid_snakes, infiniplex_staircase_pool
Lair:2:   layout_chaotic_city, shoals_dummy_entry,
          nicolae_spider_entry_non_spiders, forest_entry_grove,
          lemuel_fruit_tree
Lair:3:   layout_chaotic_city, hangedman_tree_tricks, grunt_megastairs_2
Lair:4:   layout_cave_pods, slime_entry_1, beast_lair_carwin_8
Lair:5:   minmay_lair_end_frog_pond, layout_cave_pods, disabler_island

Skill      XL: |  1  2  3  4  5  6  7  8  9 10 11 12 13 |
---------------+----------------------------------------+-----
Fighting       | 4 5 6 8 9 10 12 13 | 13.7
Armour         | 4 5 6 8 9 11 12 13 | 13.7
Shields        | 4 5 6 8 9 10 12 13 | 13.7
Maces & Flails | 3 4 5 7 8 9 11 12 | 12.4

Action                     |  1- 3 |  4- 6 |  7- 9 | 10-12 | 13-15 || total
---------------------------+-------+-------+-------+-------+-------++-------
  Melee: Flail             |   132 |   297 |   266 |    39 |       ||   734
         Whip              |       |    33 |       |       |       ||    33
         Morningstar       |       |       |       |   631 |   325 ||   956
  Throw: Dart              |       |       |     6 |    12 |     2 ||    20
 Invoke: Heroism           |       |       |     1 |     5 |     3 ||     9
    Use: Scroll            |       |     2 |    13 |     6 |     4 ||    25
         Potion            |       |       |       |       |     2 ||     2
   Stab: Distracted        |       |       |       |       |     1 ||     1
 Armour: Scale mail        |    89 |    16 |       |   258 |   313 ||   676
         Chain mail        |       |   300 |   245 |   321 |       ||   866
         Plate armour      |       |       |       |    29 |       ||    29
  Dodge: Dodged            |    61 |   186 |   112 |   263 |   164 ||   786
  Block: Buckler           |    26 |    92 |    83 |   265 |   150 ||   616

Table legend: (Time is in decaauts)
 A = Elapsed time spent in this place.
 B = Non-inter-level travel time spent in this place.
 C = Inter-level travel time spent in this place.
 D = Time resting spent in this place.
 E = Time spent auto-exploring this place.
 F = Levels seen in this place.
 G = Mean time per level.
                   A        B        C        D        E       F      G
               +--------+--------+--------+--------+--------+-----+--------+
         Total |  16683 |  15899 |    784 |   2235 |  10015 |  17 |  981.4 |
       Dungeon |  10477 |   9811 |    666 |   1484 |   6119 |  10 | 1047.7 |
        Temple |     46 |      2 |     44 |      0 |      0 |   1 |   46.0 |
          Lair |   5169 |   5096 |     73 |    716 |   3298 |   5 | 1033.8 |
         Sewer |    989 |    989 |      0 |     35 |    598 |   1 |  989.0 |
               +--------+--------+--------+--------+--------+-----+--------+

Top non-repeatable levels by time:
     D:8: 2186 daAuts
  Lair:1: 1400 daAuts
  Lair:2: 1356 daAuts
     D:3: 1311 daAuts
  Lair:3: 1248 daAuts
     D:7: 1172 daAuts
    D:10: 1161 daAuts
  Lair:4: 1152 daAuts
     D:5: 1056 daAuts
   Sewer: 989 daAuts
     D:9: 919 daAuts
     D:6: 751 daAuts
     D:2: 651 daAuts
     D:1: 646 daAuts
     D:4: 621 daAuts
